[Event "CZE-ch U10 Open 2023"]
[Site "Teplice"]
[Date "2023.03.18"]
[Round "9.4"]
[White "Kozusnik, Jan"]
[Black "Kroulik, Stepan"]
[Result "1-0"]
[ECO "B40"]
[WhiteElo "1286"]
[BlackElo "1228"]
[Annotator "NA RC COMBH"]
[PlyCount "151"]
[EventDate "2023.03.09"]
[EventType "swiss"]
[EventCountry "CZE"]
[SourceTitle "playchess.com"]
[Source "ChessBase"]
[SourceQuality "1"]
[TimeControl "40/5400+30:1800+30"]

1. e4 c5 2. Nf3 e6 3. Nc3 Nc6 4. Bb5 d6 5. d4 cxd4 6. Nxd4 Bd7 7. O-O Nf6 8. Be3 Be7 9. f4 O-O 10. Qf3 Nxd4 11. Bxd4 Bxb5 12. Nxb5 a6 13. Nc3 Qc7 14. Rae1 e5 $11 15. Be3 b5 16. fxe5 dxe5 17. Bg5 b4 18. Bxf6 Bc5+ 19. Kh1 bxc3 20. Qg3 g6 21. Qh4 h5 22. Qg5 Kh7 23. Bxe5 Be7 24. Qf4 Qa5 25. Bxc3 Qg5 26. Qxg5 Bxg5 27. h3 Bh6 28. Rf3 Kg8 29. Ref1 Ra7 30. Rd1 Re8 31. e5 Bg7 32. Re1 Rae7 33. Rd3 Re6 34. Rd6 a5 35. Rxe6 Rxe6 36. Bxa5 Ra6 37. b4 Re6 38. Bc7 Rc6 39. Bd6 Rxc2 40. a4 Bf8 41. Rd1 Ra2 42. a5 Ra4 43. Rb1 Bxd6 44. exd6 Kf8 45. Kg1 Ke8 46. Kf2 Kd7 47. Ke3 Kxd6 48. Ke4 Ra2 49. Kf3 Ke5 50. Re1+ Kf5 51. Re7 f6 52. Rb7 Ra3+ 53. Kf2 Kf4 54. Rc7 Ra2+ 55. Kg1 f5 56. Rc3 Ra1+ 57. Kh2 Ra2 58. Rg3 g5 59. Rb3 g4 60. b5 Rxa5 61. b6 Ra8 62. b7 Rb8 63. hxg4 hxg4 64. Rb4+ Ke3 65. Kg3 f4+ 66. Kxg4 Rg8+ 67. Kf5 Rb8 68. Ke5 f3 69. gxf3 Kxf3 70. Kd6 Rh8 71. b8=Q Rh6+ 72. Kc5 Rh5+ 73. Kb6 Rh6+ 74. Ka5 Rh5+ 75. Rb5 Rh1 76. Qa8+ 1-0

[Event "CZE-ch U10 Open 2023"]
[Site "Teplice"]
[Date "2023.03.18"]
[Round "9.5"]
[White "Dolensky, Filip"]
[Black "Pelc, Adam"]
[Result "*"]
[WhiteElo "2108"]
[BlackElo "1871"]
[Annotator "TA"]
[PlyCount "28"]
[EventDate "2023.03.09"]
[EventType "swiss"]
[EventCountry "CZE"]
[SourceTitle "playchess.com"]
[Source "ChessBase"]
[SourceQuality "1"]
[TimeControl "40/5400+30:1800+30"]

1. e4 g6 2. d4 Bg7 3. Nf3 c5 4. dxc5 Qa5+ 5. c3 Qxc5 6. Be3 Qc7 7. Nbd2 Nf6 8. Bd3 {[%emt 0:00:25] [#] B27: Sicilian: 2 Nf3, unusual Black 2nd moves.} b6 $146 ({Predecessor:} 8... Nc6 9. O-O d5 10. Re1 O-O 11. Bg5 dxe4 12. Nxe4 Nxe4 13. Bxe4 e5 14. Qc1 Be6 15. Bh6 f6 16. Bxg7 Kxg7 {½-½ Bryant,R (1800)-Bellers,C (1918) ENG Chessable-ch Seniors 65+ 2022 (5)}) 9. O-O Bb7 10. Qe2 {[%emt 0:01:16] The position is equal.} O-O 11. Rac1 d5 12. e5 Ng4 (12... Nfd7 $11) 13. Bd4 (13. Bf4 $16) 13... Nc6 $14 14. Rfe1 f6 {[%emt 0:04:21] Weighted Error Value: White=0.09 (flawless) /Black=0.31} (14... Nxd4 $14 15. cxd4 Qd8) *

[Event "CZE-ch U10 Open 2023"]
[Site "Teplice"]
[Date "2023.03.18"]
[Round "9.5"]
[White "Fadrny, Jachym"]
[Black "Gernert, Tomas"]
[Result "1-0"]
[ECO "B06"]
[WhiteElo "1279"]
[BlackElo "1362"]
[Annotator "NA RC COMBH"]
[PlyCount "77"]
[EventDate "2023.03.09"]
[EventType "swiss"]
[EventCountry "CZE"]
[SourceTitle "playchess.com"]
[Source "ChessBase"]
[SourceQuality "1"]
[TimeControl "40/5400+30:1800+30"]

1. e4 g6 2. d4 Bg7 3. Nf3 c5 4. dxc5 Qa5+ 5. c3 Qxc5 6. Be3 Qc7 7. Nbd2 Nf6 8. Bd3 b6 9. O-O Bb7 10. Qe2 O-O 11. Rac1 d5 12. e5 Ng4 13. Bd4 Nc6 $14 14. Rfe1 f6 15. e6 Nce5 16. h3 Nxf3+ 17. Nxf3 Nh6 18. Bc2 Kh8 19. Qd2 Ng8 20. Be3 Bc8 21. Qxd5 Bb7 22. Qd1 Rfd8 23. Bd4 f5 24. Ng5 Nh6 25. Bxg7+ Kxg7 26. Qe2 Rd6 27. Qe5+ Kg8 28. Nf7 Nxf7 29. exf7+ Kxf7 30. Bb3+ Ke8 31. Qh8+ Kd7 32. Qxh7 Re8 33. Bf7 f4 34. Bxe8+ Kxe8 35. Rcd1 f3 36. Qg8+ Kd7 37. Qe6+ Kc6 38. Qc4+ Kd7 39. Rxe7+ 1-0

[Event "CZE-ch U10 Open 2023"]
[Site "Teplice"]
[Date "2023.03.18"]
[Round "9.6"]
[White "Hladky, Tadeas"]
[Black "Werner, Hong Quan Dan"]
[Result "*"]
[ECO "B20"]
[WhiteElo "1973"]
[BlackElo "2085"]
[Annotator "TA"]
[PlyCount "31"]
[EventDate "2023.03.09"]
[EventType "swiss"]
[EventCountry "CZE"]
[SourceTitle "playchess.com"]
[Source "ChessBase"]
[SourceQuality "1"]
[TimeControl "40/5400+30:1800+30"]

1. e4 c5 2. d3 Nc6 3. g3 g6 4. Bg2 Bg7 5. f4 d6 6. Nf3 Qb6 {[%emt 0:00:47] 6...Nf6 gains popularity. B20: Sicilian: Unusual White 2nd moves.} 7. Nc3 e6 8. O-O {[%emt 0:00:34][%cal Oe4e5] [#]} c4+ $146 (8... Nge7 $11) ({Predecessor:} 8... Nge7 9. Kh1 O-O 10. Qe1 Nd4 11. Nxd4 cxd4 12. Ne2 Bd7 13. c3 dxc3 14. bxc3 Rac8 {0-1 Boese,C (1632)-Fisch,G (1706) Mittelfranken-chTB2a 1516 2015 (3.5)}) 9. Kh1 $16 cxd3 10. Qxd3 {[%emt 0:00:21] Nb5 is the strong threat.} Nge7 11. Qxd6 O-O 12. Qd3 Rd8 13. Qb5 Bxc3 14. Qxb6 axb6 15. bxc3 f6 (15... b5 $142) 16. Be3 {[%emt 0:01:02] Black did not feel at home in the position after the opening.   Weighted Error Value: White=0.15 (very precise) /Black=0.30} *

[Event "CZE-ch U10 Open 2023"]
[Site "Teplice"]
[Date "2023.03.18"]
[Round "9.7"]
[White "Kupka, Frantisek"]
[Black "Moravec, Rene"]
[Result "0-1"]
[ECO "B31"]
[WhiteElo "1988"]
[BlackElo "1216"]
[Annotator "TA"]
[PlyCount "112"]
[EventDate "2023.03.09"]
[EventType "swiss"]
[EventCountry "CZE"]
[SourceTitle "playchess.com"]
[Source "ChessBase"]
[SourceQuality "1"]
[TimeControl "40/5400+30:1800+30"]

1. e4 c5 2. Nf3 Nc6 3. Bb5 g6 4. O-O Bg7 5. c3 d6 6. d4 Bd7 {[%emt 0:01:21] B31: Sicilian: 2...Nc6 3 Bb5 g6.} 7. Be3 Nf6 8. Nbd2 (8. d5 $5 Ne5 9. Bxd7+ Nexd7 10. Qd3 $11 (10. Nbd2 O-O $11)) 8... O-O {[%emt 0:03:19] [#]} (8... Ng4 $11) 9. h3 $146 (9. dxc5 $14 Ng4 10. Qe2) ({Predecessor:} 9. dxc5 a6 10. Ba4 dxc5 11. Bxc5 b6 12. Ba3 b5 13. Bc2 a5 14. b3 Qc7 15. Bc5 {1-0 Basilico,D (1632)-Rossini,L (1440) Bresso op 6th 2007 (6)}) 9... cxd4 (9... Nxd4 $1 $17 10. Bxd7 Nxf3+ 11. Nxf3 Qxd7) 10. cxd4 $11 d5 11. e5 Ne4 12. Nxe4 dxe4 13. Nh2 (13. Ng5 $11) 13... a6 (13... Nxe5 $1 $17 14. Be2 Nc6) 14. Bxc6 (14. Bc4 $11) 14... Bxc6 $15 15. Rc1 Rc8 16. Re1 f6 17. Qb3+ Kh8 18. Red1 (18. Rc5 $5 ) 18... Qd7 (18... Qd5 $15) 19. Qb4 (19. d5 $142 $1 Ba4 20. e6) 19... Bb5 20. Qd2 (20. b3 $11 {is superior.}) 20... fxe5 {[%emt 0:02:58] Black is more active.} 21. dxe5 (21. d5 $15) 21... Qxd2 $17 22. Bxd2 {[%emt 0:00:33] White is weak on the light squares} Rxc1 23. Rxc1 Bxe5 24. Bh6 (24. b3 $17) 24... Bg7 (24... Bxb2 $19 25. Rc7 Rd8) 25. Bxg7+ Kxg7 {[%emt 0:00:19][%mdl 4096] Endgame KRB-KRN} 26. Rc7 Rd8 {[%emt 0:00:14] Strongly threatening ...Rd1+.} 27. g3 $2 (27. Ng4 $17 h5 28. Ne3) 27... Bc6 {[%emt 0:00:35] aiming for ...Rd1+.} 28. Rxe7+ Kg8 $2 (28... Kf6 $19 {has better winning chances.} 29. Rc7 (29. Rxh7 $2 {is the wrong capture.} Rd1+ 30. Nf1 Bb5 $19) 29... Rd1+ 30. Kg2 e3+ 31. Rxc6+ bxc6 32. Ng4+ Ke6 33. Nxe3 Rd2) 29. b3 $2 (29. Kf1 $17 {was forced.}) 29... Rd1+ 30. Nf1 $2 (30. Kg2) 30... Bb5 $19 31. Rxb7 Rxf1+ {[%emt 0:00:33] KRB-KR} 32. Kh2 (32. Kg2 $142 Ra1 33. a4) 32... Rxf2+ 33. Kg1 Rf3 34. Kg2 {[%emt 0:01:36] [#]} e3 $1 35. Kxf3 Bc6+ 36. Kxe3 Bxb7 {[%emt 0:00:08] KB-KP} 37. Kd4 Bg2 {[%emt 0:00:24][%cal Og8f7] ( -> ...Kf7!)} 38. h4 Bf1 39. Kc5 Kf7 (39... Kg7 $142 40. Kd4 Kh6) 40. Kb6 Kf6 {[%emt 0:00:06] Black mates.} 41. a4 h5 42. b4 Kf5 43. b5 {[%emt 0:00:44] [#]} Bxb5 $1 44. axb5 axb5 45. Kxb5 {[%emt 0:00:11] KPP-KPP} Kg4 46. Kc4 Kxg3 47. Kd3 Kxh4 {[%emt 0:00:19] KP-KP} 48. Ke2 Kh3 49. Kf1 Kh2 50. Kf2 g5 51. Kf1 g4 52. Kf2 g3+ 53. Kf1 g2+ 54. Kf2 g1=Q+ 55. Kf3 Qg3+ 56. Ke4 Kg2 {[%emt 0:00:12] Weighted Error Value: White=1.22/Black=0.79} 0-1

[Event "CZE-ch U10 Open 2023"]
[Site "Teplice"]
[Date "2023.03.18"]
[Round "9.7"]
[White "Simunek, Jakub Simon"]
[Black "Svoboda, Daniel"]
[Result "*"]
[ECO "B00"]
[WhiteElo "1970"]
[BlackElo "1748"]
[Annotator "TA"]
[PlyCount "20"]
[EventDate "2023.03.09"]
[EventType "swiss"]
[EventCountry "CZE"]
[SourceTitle "playchess.com"]
[Source "ChessBase"]
[SourceQuality "1"]
[TimeControl "40/5400+30:1800+30"]

1. e4 c5 2. Nf3 Nc6 3. Bb5 g6 4. O-O Bg7 5. c3 d6 6. d4 Bd7 {[%emt 0:01:21] B31: Sicilian: 2...Nc6 3 Bb5 g6.} 7. Be3 Nf6 8. Nbd2 ({But not} 8. dxc5 Nxe4 9. cxd6 Nxd6 $11) (8. d5 $5 Ne5 9. Bxd7+ Nfxd7 10. Nxe5 Nxe5 11. f4 $11) 8... O-O {[%emt 0:03:19] [#]} (8... cxd4 $11 9. cxd4 (9. Nxd4 Nxd4 10. Bxd7+ Qxd7 $11) (9. Bxd4 O-O $11) 9... Ng4) 9. h3 $146 {[%emt 0:03:24] [#]} (9. dxc5 $14 {keeps the upper hand.} Ng4 10. Qe2) ({Predecessor:} 9. dxc5 a6 10. Ba4 dxc5 11. Bxc5 b6 12. Ba3 b5 13. Bc2 a5 14. b3 Qc7 15. Bc5 {1-0 Basilico,D (1632)-Rossini,L (1440) Bresso op 6th 2007 (6)}) 9... cxd4 (9... Nxd4 $1 $17 10. Bxd7 Nxf3+ 11. Nxf3 Qxd7) 10. cxd4 $11 d5 {[%emt 0:01:22] Weighted Error Value: White=0.75/Black=0.51} *

[Event "CZE-ch U10 Open 2023"]
[Site "Teplice"]
[Date "2023.03.18"]
[Round "9.8"]
[White "Slaby, Matej"]
[Black "Tillmann, Stanislav"]
[Result "*"]
[WhiteElo "1932"]
[BlackElo "1907"]
[Annotator "TA"]
[PlyCount "36"]
[EventDate "2023.03.09"]
[EventType "swiss"]
[EventCountry "CZE"]
[SourceTitle "playchess.com"]
[Source "ChessBase"]
[SourceQuality "1"]
[TimeControl "40/5400+30:1800+30"]

1. e4 c5 2. Nf3 d6 3. Nc3 Nf6 4. d4 cxd4 5. Nxd4 a6 6. Bg5 e6 7. Bc4 Be7 8. Qd2 b5 {[%emt 0:00:17] B95: Sicilian Najdorf: 6 Bg5 e6, unusual White 7th moves.} 9. Bd3 Bb7 10. a3 Nbd7 {[%emt 0:00:29] Black is slightly better.} 11. f4 {[%emt 0:02:16][%cal Bf2f4,Bf4e5][%mdl 32] [#]} Rc8 $146 ({Predecessor:} 11... Qb6 12. Nb3 h6 13. Bxf6 Bxf6 14. Rf1 Rc8 15. Nd1 O-O 16. c3 e5 17. g3 Rfe8 {0-1 Berger,N (1738)-Rigolot,L (1946) FRA-GER m U14 2010 (3.4)}) 12. Qe2 (12. O-O-O $15) 12... Qb6 $17 13. Nb3 O-O $2 {[%emt 0:02:06] [#]} ({Better is} 13... h6 $17 14. Bxf6 Bxf6) 14. e5 $14 dxe5 15. fxe5 Nd5 {[%emt 0:00:51] This costs Black the game.} (15... Nxe5 $14 16. Qxe5 Ng4) 16. Nxd5 $18 {[%emt 0:00:40][%mdl 64] Remove Defender. White is clearly better.} exd5 17. Bxe7 Rfe8 {[%emt 0:00:06] [#]} 18. Qh5 $1 ({Not} 18. Bd6 Rc6 $11) 18... h6 $2 {[%emt 0:00:25] Weighted Error Value: White=0.19 (very precise) /Black=0.62} (18... g6 19. Qh4 (19. Qg5 h6 $11) 19... Qe6) *

[Event "CZE-ch U10 Open 2023"]
[Site "Teplice"]
[Date "2023.03.18"]
[Round "9.9"]
[White "Davidek, Zdenek"]
[Black "Hozda, Max"]
[Result "*"]
[WhiteElo "1957"]
[BlackElo "2067"]
[Annotator "TA"]
[PlyCount "22"]
[EventDate "2023.03.09"]
[EventType "swiss"]
[EventCountry "CZE"]
[SourceTitle "playchess.com"]
[Source "ChessBase"]
[SourceQuality "1"]
[TimeControl "40/5400+30:1800+30"]

1. e4 e5 2. Nf3 Nc6 3. Bc4 Nf6 4. Ng5 d5 5. exd5 b5 6. dxc6 bxc4 7. Nc3 {[%emt 0:02:35] C57: Two Knights: Wilkes-Barre/Traxler and 4 Ng5 d5 5 exd5, unusual Black 5th moves.} Bc5 8. d3 {[%emt 0:03:57] [#]} h6 $146 ({Black should try} 8... cxd3 $11 9. Qxd3 Qxd3 10. cxd3 Ba6) ({Predecessor:} 8... cxd3 9. Qxd3 Qxd3 10. cxd3 Ba6 11. Nge4 Bb4 12. Be3 Nxe4 13. dxe4 Bxc3+ 14. bxc3 Bb5 {1-0 Garcia,A (1504)-Jonsson,G (1644) IECC Swiss email 2003}) 9. Nf3 (9. Nge4 $14 Nxe4 10. dxe4 (10. Nxe4 Bb6 $11)) 9... Bg4 (9... cxd3 $11 10. Qxd3 O-O) 10. h3 (10. dxc4 $16 {Qxd8+ would be deadly.} Qxd1+ 11. Nxd1) 10... Be6 (10... Bxf3 $14 11. Qxf3 cxd3) 11. Nxe5 {[%emt 0:04:18] Excellent horsemanship.} Qd4 {[%emt 0:00:48] Black did not feel at home in the position after the opening.   Weighted Error Value: White=0.33/Black=0.53} (11... Bxf2+ $1 $14 12. Kxf2 Qd4+ 13. Be3 Qxe5) *

[Event "CZE-ch U10 Open 2023"]
[Site "Teplice"]
[Date "2023.03.18"]
[Round "9.9"]
[White "Galia, Simon"]
[Black "Koutecky, Vaclav"]
[Result "1/2-1/2"]
[ECO "C57"]
[WhiteElo "1071"]
[BlackElo "2060"]
[Annotator "TA"]
[PlyCount "61"]
[EventDate "2023.03.09"]
[EventType "swiss"]
[EventCountry "CZE"]
[SourceTitle "playchess.com"]
[Source "ChessBase"]
[SourceQuality "1"]
[TimeControl "40/5400+30:1800+30"]

1. e4 e5 2. Nf3 Nc6 3. Bc4 Nf6 4. Ng5 d5 5. exd5 b5 6. dxc6 bxc4 7. Nc3 {[%emt 0:02:35] C57: Two Knights: Wilkes-Barre/Traxler and 4 Ng5 d5 5 exd5, unusual Black 5th moves.} Bc5 8. d3 {[%emt 0:03:57] [#]} h6 $146 (8... cxd3 {simplifies} 9. Qxd3 Qxd3 10. cxd3 Ba6) ({Predecessor:} 8... cxd3 9. Qxd3 Qxd3 10. cxd3 Ba6 11. Nge4 Bb4 12. Be3 Nxe4 13. dxe4 Bxc3+ 14. bxc3 Bb5 {1-0 Garcia,A (1504)-Jonsson,G (1644) IECC Swiss email 2003}) 9. Nf3 {[%emt 0:03:23] Excellent horsemanship. White is slightly better.} Bg4 (9... cxd3 $11 10. Qxd3 Qe7) 10. h3 (10. dxc4 $16 {Strongly threatening Qxd8+.} Qxd1+ 11. Nxd1) 10... Be6 (10... Bxf3 $11 {remains equal.} 11. Qxf3 cxd3) 11. Nxe5 Qd4 (11... Bxf2+ $14 12. Kxf2 Qd4+ 13. Be3 Qxe5) 12. Qe2 $16 O-O 13. Nf3 (13. dxc4 $6 Rae8 14. Nf3 (14. O-O Bxh3 15. Nb5 Qh4 $15) 14... Qxc4 $14) 13... Qd6 14. Be3 (14. dxc4 Rfe8 15. O-O (15. Be3 Bxe3 16. fxe3 Qb4 $11) 15... Bxh3 $11) 14... Bb6 15. O-O ({But not} 15. dxc4 Bxe3 16. fxe3 (16. Qxe3 Bxc4 17. Ne5 Rfe8 $11) 16... Qb4 $14) 15... Rfe8 16. Rad1 (16. dxc4 $16 {[%cal Oc4c5] Hoping for c5!} Bxe3 17. fxe3) 16... Qxc6 $14 17. Rd2 (17. Ne5 $16 Qb7 18. d4 (18. Nxc4 Bxc4 {[%mdl 64] Remove Defender} 19. dxc4 Bxe3 $14) (18. dxc4 Bxe3 19. Qxe3 Bxc4 $11)) 17... cxd3 $11 18. cxd3 (18. Qxd3 $2 {too greedy.} Bc4 19. Nd4 Bxd3 $19) 18... Bf5 19. Re1 Rad8 20. Qd1 Re7 21. Bxb6 Rxe1+ 22. Qxe1 axb6 23. Qd1 Qb7 24. d4 c6 25. b4 Nd5 26. Nxd5 cxd5 27. Re2 Qa6 28. Qd2 b5 (28... Be4 $11) 29. Qb2 ({White should play} 29. Ne5 $16) 29... Qg6 (29... Rc8 $11 {keeps the balance.}) 30. Nh4 $16 Qg5 31. Nxf5 {[%emt 0:02:22] Weighted Error Value: White=0.29 (precise) /Black=0.33} 1/2-1/2

[Event "CZE-ch U10 Open 2023"]
[Site "Teplice"]
[Date "2023.03.18"]
[Round "9.10"]
[White "Mohapl, Tomas"]
[Black "Zezula, Jakub"]
[Result "*"]
[WhiteElo "1946"]
[BlackElo "1963"]
[Annotator "TA"]
[PlyCount "19"]
[EventDate "2023.03.09"]
[EventType "swiss"]
[EventCountry "CZE"]
[SourceTitle "playchess.com"]
[Source "ChessBase"]
[SourceQuality "1"]
[TimeControl "40/5400+30:1800+30"]

1. e4 e5 2. Nf3 Nc6 3. Bc4 Be7 4. O-O Nf6 5. d3 O-O 6. Re1 d6 7. c3 Bg4 8. Nbd2 Qd7 {[%emt 0:04:30] [#]} 9. Nb3 $146 {[%emt 0:04:30] C55: Two Knights: 4 d3, 4 d4 exd4 5 e5 and Max Lange Attack.} ({Predecessor:} 9. Bb3 Rad8 10. Nf1 Na5 11. Bc2 c5 12. h3 Bh5 13. Ng3 Bg6 14. Nh4 Nc6 15. Nhf5 Rfe8 16. Qf3 Bxf5 17. Nxf5 {1-0 Hansen,S (2274)-Ardila,O (2017) Titled Tuesday intern op 17th Nov blitz 2020 (10)}) 9... d5 10. Bb5 *

[Event "CZE-ch U10 Open 2023"]
[Site "Teplice"]
[Date "2023.03.18"]
[Round "9.10"]
[White "Fadrny, Jonas"]
[Black "Vorlik, Jachym"]
[Result "1-0"]
[ECO "C50"]
[WhiteElo "1247"]
[BlackElo "1204"]
[Annotator "NA RC COMBH"]
[PlyCount "135"]
[EventDate "2023.03.09"]
[EventType "swiss"]
[EventCountry "CZE"]
[SourceTitle "playchess.com"]
[Source "ChessBase"]
[SourceQuality "1"]
[TimeControl "40/5400+30:1800+30"]

1. e4 e5 2. Nf3 Nc6 3. Bc4 Be7 4. O-O Nf6 5. d3 O-O 6. Re1 d6 7. c3 Bg4 8. Nbd2 Qd7 9. Nb3 d5 10. Bb5 dxe4 11. Nxe5 Bxd1 12. Nxd7 Nxd7 13. Rxd1 Nf6 14. Bxc6 bxc6 15. dxe4 Bd6 16. f3 Rad8 17. Be3 a6 18. Bc5 Rfe8 19. Bxd6 cxd6 20. Na5 c5 21. Nc6 Rd7 22. e5 dxe5 23. Rxd7 Nxd7 24. Rd1 Nf6 25. g4 h6 26. Re1 e4 27. h3 g5 28. Kf2 Kg7 29. b4 cxb4 30. Nxb4 a5 31. Nc6 Rc8 32. Nxa5 exf3 33. Re3 Rxc3 34. Rxc3 Ne4+ 35. Kxf3 Nxc3 36. a3 Nb5 37. Nc4 Kf6 38. a4 Na7 39. Nd6 Ke6 40. Nf5 Nc6 41. Nxh6 f6 42. Ng8 f5 43. Nh6 fxg4+ 44. Kxg4 Kf6 45. Nf7 Kxf7 46. Kxg5 Kg7 47. Kf5 Nd4+ 48. Ke5 Nc6+ 49. Kd5 Nb4+ 50. Kc5 Nd3+ 51. Kb5 Ne5 52. a5 Nd7 53. a6 Nb8 54. a7 Na6 55. Kxa6 Kf7 56. a8=Q Ke6 57. Qe4+ Kf6 58. Qf4+ Ke6 59. Kb6 Kd5 60. Kb5 Ke6 61. Kc6 Ke7 62. Qe4+ Kf6 63. Kd6 Kf7 64. Qf5+ Kg7 65. Ke7 Kh6 66. Qg4 Kh7 67. Kf7 Kh6 68. Qg6# 1-0

[Event "CZE-ch U10 Open 2023"]
[Site "Teplice"]
[Date "2023.03.18"]
[Round "9.11"]
[White "Kubin, Tomas Daniel"]
[Black "Sigut, Ondrej"]
[Result "*"]
[WhiteElo "1936"]
[BlackElo "1804"]
[Annotator "TA"]
[PlyCount "14"]
[EventDate "2023.03.09"]
[EventType "swiss"]
[EventCountry "CZE"]
[SourceTitle "playchess.com"]
[Source "ChessBase"]
[SourceQuality "1"]
[TimeControl "40/5400+30:1800+30"]

1. e4 c5 2. Nc3 g6 3. f4 Bg7 4. e5 f6 5. Nf3 Nc6 6. exf6 {[%emt 0:01:27] B23: Closed Sicilian: Lines without g3.} Nxf6 7. Bc4 {[%emt 0:01:33] [#]} (7. d3 $15) 7... d6 $146 (7... d5 $17 8. Bb5 O-O) ({Predecessor:} 7... d5 8. Bb3 Bf5 9. O-O a6 10. Ne5 c4 11. Nxd5 cxb3 12. Nxf6+ Bxf6 13. cxb3 Nxe5 14. fxe5 Bxe5 {0-1 Arias Castano,A-Fernandez Velasco,C Asturias-chT40 Primera B 2000 (7)}) *

[Event "CZE-ch U10 Open 2023"]
[Site "Teplice"]
[Date "2023.03.18"]
[Round "9.11"]
[White "Broz, Pavel"]
[Black "Bucek, Vit"]
[Result "0-1"]
[ECO "B23"]
[WhiteElo "1870"]
[BlackElo "1198"]
[Annotator "NA RC COMBH"]
[PlyCount "40"]
[EventDate "2023.03.09"]
[EventType "swiss"]
[EventCountry "CZE"]
[SourceTitle "playchess.com"]
[Source "ChessBase"]
[SourceQuality "1"]
[TimeControl "40/5400+30:1800+30"]

1. e4 c5 2. Nc3 g6 3. f4 Bg7 4. e5 f6 5. Nf3 Nc6 6. exf6 Nxf6 7. Bc4 d6 8. d3 Bg4 9. Be3 e6 10. h3 Bxf3 11. Qxf3 Qd7 12. g4 O-O-O 13. O-O-O d5 14. Bb3 d4 15. g5 Nh5 16. Qe4 Rhe8 17. Ne2 dxe3 18. Qxe3 Nd4 19. Qe4 Nxe2+ 20. Qxe2 Ng3 0-1

[Event "CZE-ch U10 Open 2023"]
[Site "Teplice"]
[Date "2023.03.18"]
[Round "9.12"]
[White "Mrazek, Adam"]
[Black "Tesar, Jakub"]
[Result "*"]
[WhiteElo "1745"]
[BlackElo "1960"]
[Annotator "TA"]
[PlyCount "25"]
[EventDate "2023.03.09"]
[EventType "swiss"]
[EventCountry "CZE"]
[SourceTitle "playchess.com"]
[Source "ChessBase"]
[SourceQuality "1"]
[TimeControl "40/5400+30:1800+30"]

1. d4 d5 2. c4 e6 3. Nc3 Nf6 4. Bf4 Bb4 5. Nf3 Ne4 6. Bd2 {[%emt 0:03:04] [#] A rather calm draw.  D38: Queen's Gambit Declined: Ragozin Defence (4 Nf3 Bb4).} ({But not} 6. Qa4+ Nc6 7. Rc1 O-O $11) {Predecessor:} 6... Nxd2 $146 7. Qxd2 O-O 8. e3 Nd7 9. Bd3 dxc4 10. Bxc4 b6 11. O-O Bb7 12. a3 Bd6 13. d5 {1-0 Katznelson,R (998)-Chen,G (1158) Toronto NAYCC U14 2013 (7)} *